TOP OF THE 1ST |
St. Louis Cardinals batting - Pitching for Chicago Cubs : LHP Jaime Garcia
|
Pitching: LHP Jaime Garcia
|
|
Batting: SHB Ozzie Albies
|
0-0: Called Strike 0-1: Ball 1-1: Ball 2-1: Ground out 6-3 (Groundball, 6)
|
Batting: RHB Alex Bregman
|
0-0: Ball 1-0: Ball 2-0: Ball 3-0: Called Strike 3-1: Base on Balls
|
Batting: RHB Jose Alberto Martinez
|
0-0: Ball 1-0: Fielders Choice at 2nd, 6-4 (Groundball, 6)
|
Batting: LHB Alex Avila
|
0-0: Ball Jose Alberto Martinez steals 2nd base 1-0: Called Strike 1-1: Called Strike 1-2: Strikes out swinging
|
Top of the 1st over - 0 runs, 0 hits, 0 errors, 1 left on base; St. Louis 0 - Chicago 0 |
BOTTOM OF THE 1ST |
Chicago Cubs batting - Pitching for St. Louis Cardinals : RHP Chris Bassitt
|
Pitching: RHP Chris Bassitt
|
|
Batting: RHB Michael A. Taylor
|
0-0: Swinging Strike 0-1: Called Strike 0-2: Fly out, F9 (Line Drive, 9)
|
Batting: RHB Stephen Piscotty
|
0-0: DOUBLE (Line Drive, 5D)
|
Batting: LHB Cody Bellinger
|
0-0: Called Strike 0-1: Swinging Strike 0-2: Ball 1-2: Fly out, F9 (Flyball, 9LSF)
|
Batting: RHB Justin Upton
|
0-0: Called Strike 0-1: Swinging Strike 0-2: Ball 1-2: Foul Ball, location: 2F 1-2: Foul Ball, location: 2F 1-2: Strikes out looking
|
Bottom of the 1st over - 0 runs, 1 hit, 0 errors, 1 left on base; St. Louis 0 - Chicago 0 |
TOP OF THE 2ND |
St. Louis Cardinals batting - Pitching for Chicago Cubs : LHP Jaime Garcia
|
Batting: RHB Harrison Bader
|
0-0: Ball 1-0: Fly out, F8 (Flyball, 8LD)
|
Batting: LHB Brett Phillips
|
0-0: Foul Ball, location: 2F 0-1: DOUBLE (Groundball, 5L)
|
Batting: RHB Yan Gomes
|
0-0: Fly out, F8 (Flyball, 8LD)
|
Batting: RHB Adeiny Hechavarria
|
0-0: Ground out 5-3 (Groundball, 56)
|
Top of the 2nd over - 0 runs, 1 hit, 0 errors, 1 left on base; St. Louis 0 - Chicago 0 |
BOTTOM OF THE 2ND |
Chicago Cubs batting - Pitching for St. Louis Cardinals : RHP Chris Bassitt
|
Batting: RHB Willson Contreras
|
0-0: Swinging Strike 0-1: Ball 1-1: Ball 2-1: Fly out, F9 (Line Drive, 9)
|
Batting: RHB Jedd Gyorko
|
0-0: Ground out 5-3 (Groundball, 56)
|
Batting: RHB Zack Cozart
|
0-0: Ball 1-0: Ball 2-0: Ball 3-0: Base on Balls
|
Batting: RHB Paul DeJong
|
0-0: Ball 1-0: Called Strike 1-1: Ball 2-1: Foul Ball, location: 2F 2-2: Foul Ball, location: 2F 2-2: Ball 3-2: Strikes out swinging, 2-3 out at first.
|
Bottom of the 2nd over - 0 runs, 0 hits, 0 errors, 1 left on base; St. Louis 0 - Chicago 0 |
TOP OF THE 3RD |
St. Louis Cardinals batting - Pitching for Chicago Cubs : LHP Jaime Garcia
|
Batting: RHB Chris Bassitt
|
0-0: Called Strike 0-1: Ball 1-1: Ball 2-1: Called Strike 2-2: Strikes out swinging
|
Batting: SHB Ozzie Albies
|
0-0: Ball 1-0: Foul Ball, location: 2F 1-1: Swinging Strike 1-2: TRIPLE (Line Drive, 78XD)
|
Batting: RHB Alex Bregman
|
0-0: Ball 1-0: Called Strike 1-1: Ball 2-1: Swinging Strike 2-2: Foul Ball, location: 2F 2-2: Foul Ball, location: 2F 2-2: Strikes out swinging
|
Batting: RHB Jose Alberto Martinez
|
0-0: Called Strike 0-1: Called Strike 0-2: Ball 1-2: Strikes out looking
|
Top of the 3rd over - 0 runs, 1 hit, 0 errors, 1 left on base; St. Louis 0 - Chicago 0 |
BOTTOM OF THE 3RD |
Chicago Cubs batting - Pitching for St. Louis Cardinals : RHP Chris Bassitt
|
Batting: LHB Jaime Garcia
|
0-0: Called Strike 0-1: Ball 1-1: Foul Ball, location: 2F 1-2: Ball 2-2: Ground out 6-3 (Groundball, 4M)
|
Batting: RHB Michael A. Taylor
|
0-0: Called Strike 0-1: Ball 1-1: Ball 2-1: Foul Ball, location: 2F 2-2: Ball 3-2: SINGLE (Line Drive, 7S)
|
Batting: RHB Stephen Piscotty
|
0-0: Foul Ball, location: 2F 0-1: Ball 1-1: Fly out, F8 (Flyball, 8LXD) Runner from 1st tags up, SAFE at 2nd
|
Batting: LHB Cody Bellinger
|
0-0: Called Strike 0-1: SINGLE (Flyball, 9LM) Michael A. Taylor to third Runner from 3rd tries for Home, SAFE, throw made home Cody Bellinger to second
|
Batting: RHB Justin Upton
|
0-0: Called Strike 0-1: Ball 1-1: Called Strike 1-2: Ball 2-2: Ball 3-2: Base on Balls
|
Batting: RHB Willson Contreras
|
0-0: Called Strike 0-1: Called Strike 0-2: DOUBLE (Line Drive, 3D) Cody Bellinger scores Justin Upton to third Runner from 3rd tries for Home, SAFE, no throw
|
Batting: RHB Jedd Gyorko
|
0-0: Ball 1-0: Foul Ball, location: 2F 1-1: Fly out, F8 (Flyball, 8LD)
|
Bottom of the 3rd over - 3 runs, 3 hits, 0 errors, 1 left on base; St. Louis 0 - Chicago 3 |
TOP OF THE 4TH |
St. Louis Cardinals batting - Pitching for Chicago Cubs : LHP Jaime Garcia
|
Batting: LHB Alex Avila
|
0-0: Ball 1-0: SINGLE (Line Drive, 89S)
|
Batting: RHB Harrison Bader
|
0-0: Foul Ball, location: 2F 0-1: Foul Ball, location: 2F 0-2: Strikes out swinging
|
Batting: LHB Brett Phillips
|
0-0: Ball 1-0: Ball 2-0: Called Strike 2-1: Foul Ball, location: 2F 2-2: Ball 3-2: Foul Ball, location: 2F 3-2: Strikes out swinging
|
Batting: RHB Yan Gomes
|
0-0: Fly out, F9 (Line Drive, 9)
|
Top of the 4th over - 0 runs, 1 hit, 0 errors, 1 left on base; St. Louis 0 - Chicago 3 |
BOTTOM OF THE 4TH |
Chicago Cubs batting - Pitching for St. Louis Cardinals : RHP Chris Bassitt
|
Batting: RHB Zack Cozart
|
0-0: Ball 1-0: Swinging Strike 1-1: Ball 2-1: Ball 3-1: Called Strike 3-2: Foul Ball, location: 2F 3-2: Base on Balls
|
Batting: RHB Paul DeJong
|
0-0: Ball 1-0: Called Strike 1-1: Ball 2-1: Foul Ball, location: 2F 2-2: Foul Ball, location: 2F 2-2: Fly out, F8 (Flyball, 8RM)
|
Batting: LHB Jaime Garcia
|
0-0: Bunt missed! 0-1: Reached on error, E3 (Groundball, 3S) Zack Cozart to third
|
Batting: RHB Michael A. Taylor
|
0-0: Called Strike 0-1: Foul Ball, location: 2F 0-2: Foul Ball, location: 2F 0-2: Ball 1-2: Ball 2-2: Foul Ball, location: 2F 2-2: Fly out, F9 (Line Drive, 9) Runner from 3rd tags up, SCORES, throw made
|
Batting: RHB Stephen Piscotty
|
0-0: Ball 1-0: Ball 2-0: Foul Ball, location: 2F 2-1: Called Strike 2-2: Ground out 6-3 (Groundball, 6)
|
Bottom of the 4th over - 1 run, 0 hits, 1 error, 1 left on base; St. Louis 0 - Chicago 4 |
TOP OF THE 5TH |
St. Louis Cardinals batting - Pitching for Chicago Cubs : LHP Jaime Garcia
|
Batting: RHB Adeiny Hechavarria
|
0-0: Called Strike 0-1: Foul Ball, location: 2F 0-2: Ground out 4-3 (Groundball, 4)
|
Pinch Hitting: RHB Mark Reynolds
|
0-0: Ball 1-0: Fly out, F3 (Flyball, 34D)
|
Batting: SHB Ozzie Albies
|
0-0: Foul Ball, location: 2F 0-1: Called Strike 0-2: Ball 1-2: Foul Ball, location: 2F 1-2: Ball 2-2: Foul Ball, location: 2F 2-2: SINGLE (Line Drive, 4D)
|
Batting: RHB Alex Bregman
|
0-0: Foul Ball, location: 2F 0-1: Foul Ball, location: 2F 0-2: Ground out 4-3 (Groundball, 34)
|
Top of the 5th over - 0 runs, 1 hit, 0 errors, 1 left on base; St. Louis 0 - Chicago 4 |
BOTTOM OF THE 5TH |
Chicago Cubs batting - Pitching for St. Louis Cardinals : RHP Chris Bassitt
|
Pitching: LHP Brett Anderson
|
|
Batting: LHB Cody Bellinger
|
0-0: Ball 1-0: Called Strike 1-1: Foul Ball, location: 2F 1-2: SOLO HOME RUN (Flyball, 7D), Distance : 379 ft
|
Batting: RHB Justin Upton
|
0-0: Called Strike 0-1: Ball 1-1: Ball 2-1: Swinging Strike 2-2: Foul Ball, location: 2F 2-2: Foul Ball, location: 2F 2-2: Ball 3-2: Base on Balls
|
Batting: RHB Willson Contreras
|
0-0: Ball 1-0: Called Strike Justin Upton steals 2nd base 1-1: Ball 2-1: Ball 3-1: Called Strike 3-2: Foul Ball, location: 2F 3-2: Foul Ball, location: 2F 3-2: Fly out, F9 (Flyball, 89D) Runner from 2nd tags up, SAFE at 3rd, no throw
|
Batting: RHB Jedd Gyorko
|
0-0: Foul Ball, location: 2F 0-1: Ground out 5-3 (Groundball, 56S) Justin Upton scores
|
Batting: RHB Zack Cozart
|
0-0: Called Strike 0-1: Fly out, F7 (Flyball, 7S)
|
Bottom of the 5th over - 2 runs, 1 hit, 0 errors, 0 left on base; St. Louis 0 - Chicago 6 |
TOP OF THE 6TH |
St. Louis Cardinals batting - Pitching for Chicago Cubs : LHP Jaime Garcia
|
Batting: RHB Jose Alberto Martinez
|
0-0: Ball 1-0: Foul Ball, location: 2F 1-1: Ball 2-1: Foul Ball, location: 2F 2-2: Ball 3-2: Base on Balls
|
Pitching: LHP Matt Moore
|
|
Batting: LHB Alex Avila
|
0-0: Ball 1-0: Ball 2-0: Ball 3-0: Called Strike 3-1: Base on Balls Jose Alberto Martinez to second
|
Batting: RHB Harrison Bader
|
0-0: Ball 1-0: Foul Ball, location: 2F 1-1: Foul Ball, location: 2F 1-2: SINGLE (Line Drive, 34D) Jose Alberto Martinez to third Alex Avila to second Runner from 3rd tries for Home, SAFE, throw made home
|
Batting: LHB Brett Phillips
|
0-0: Called Strike 0-1: Foul Ball, location: 2F 0-2: Strikes out looking
|
Batting: RHB Yan Gomes
|
0-0: Ball 1-0: Foul Ball, location: 2F 1-1: Called Strike 1-2: Foul Ball, location: 2F 1-2: Ball 2-2: Ball 3-2: Foul Ball, location: 2F 3-2: Fly out, F6 (Popup, 6)
|
Batting: RHB Adeiny Hechavarria
|
0-0: Called Strike 0-1: Ball 1-1: Foul Ball, location: 2F 1-2: Strikes out looking
|
Top of the 6th over - 1 run, 1 hit, 0 errors, 2 left on base; St. Louis 1 - Chicago 6 |
BOTTOM OF THE 6TH |
Chicago Cubs batting - Pitching for St. Louis Cardinals : LHP Brett Anderson
|
Now in LF: Hernan Perez
|
|
Batting: RHB Paul DeJong
|
0-0: Ball 1-0: Ground out 5-3 (Groundball, 5L)
|
Pinch Hitting: RHB Jose Bautista
|
0-0: Ball 1-0: Ball 2-0: Fly out, F8 (Flyball, 8RS)
|
Batting: RHB Michael A. Taylor
|
0-0: SOLO HOME RUN (Flyball, 89XD), Distance : 412 ft
|
Batting: RHB Stephen Piscotty
|
0-0: Ball 1-0: Foul Ball, location: 2F 1-1: Foul Ball, location: 2F 1-2: Ball 2-2: Strikes out swinging
|
Bottom of the 6th over - 1 run, 1 hit, 0 errors, 0 left on base; St. Louis 1 - Chicago 7 |
TOP OF THE 7TH |
St. Louis Cardinals batting - Pitching for Chicago Cubs : LHP Matt Moore
|
Pitching: RHP David Phelps
|
|
Pinch Hitting: SHB Erick Aybar
|
0-0: Foul Ball, location: 2F 0-1: Called Strike 0-2: Strikes out swinging
|
Batting: SHB Ozzie Albies
|
0-0: Ball 1-0: Ball 2-0: Ball 3-0: Base on Balls
|
Batting: RHB Alex Bregman
|
0-0: Foul Ball, location: 2F 0-1: SINGLE (Line Drive, 34) Ozzie Albies to second
|
Batting: RHB Hernan Perez
|
0-0: Fly out, F9 (Flyball, 9LM)
|
Batting: LHB Alex Avila
|
0-0: Ball 1-0: Foul Ball, location: 2F 1-1: Foul Ball, location: 2F 1-2: Ball 2-2: Ball 3-2: Strikes out swinging
|
Top of the 7th over - 0 runs, 1 hit, 0 errors, 2 left on base; St. Louis 1 - Chicago 7 |
BOTTOM OF THE 7TH |
Chicago Cubs batting - Pitching for St. Louis Cardinals : LHP Brett Anderson
|
Pitching: RHP Zac Reininger
|
|
Batting: LHB Cody Bellinger
|
0-0: SOLO HOME RUN (Flyball, 9LD), Distance : 378 ft
|
Pinch Hitting: RHB Kyle Lewis
|
0-0: Ball 1-0: Ball 2-0: Ground out 6-3 (Groundball, 6)
|
Batting: RHB Willson Contreras
|
0-0: Ball 1-0: Called Strike 1-1: Ground out 5-3 (Groundball, 56)
|
Batting: RHB Jedd Gyorko
|
0-0: Ball 1-0: Called Strike 1-1: Foul Ball, location: 2F 1-2: Foul Ball, location: 2F 1-2: Foul Ball, location: 2F 1-2: Foul Ball, location: 2F 1-2: Ball 2-2: Strikes out swinging
|
Bottom of the 7th over - 1 run, 1 hit, 0 errors, 0 left on base; St. Louis 1 - Chicago 8 |
TOP OF THE 8TH |
St. Louis Cardinals batting - Pitching for Chicago Cubs : RHP David Phelps
|
Now in CF: Kyle Lewis
|
|
Batting: RHB Harrison Bader
|
0-0: Ball 1-0: Ball 2-0: Called Strike 2-1: Foul Ball, location: 2F 2-2: SOLO HOME RUN (Flyball, 78XD), Distance : 386 ft
|
Batting: LHB Brett Phillips
|
0-0: Ground out 6-3 (Groundball, 6M)
|
Batting: RHB Yan Gomes
|
0-0: Ball 1-0: Ground out 3-1 (Groundball, 34)
|
Batting: RHB Adeiny Hechavarria
|
0-0: Ball 1-0: Foul Ball, location: 2F 1-1: Fly out, F8 (Flyball, 8RD)
|
Top of the 8th over - 1 run, 1 hit, 0 errors, 0 left on base; St. Louis 2 - Chicago 8 |
BOTTOM OF THE 8TH |
Chicago Cubs batting - Pitching for St. Louis Cardinals : RHP Zac Reininger
|
Batting: RHB Zack Cozart
|
0-0: Ball 1-0: Foul Ball, location: 2F 1-1: Ball 2-1: Ball 3-1: Base on Balls
|
Pitching: RHP Brad Ziegler
|
|
Batting: RHB Paul DeJong
|
0-0: Called Strike 0-1: Ball 1-1: DOUBLE (Line Drive, 7LD) Zack Cozart to third
|
Pinch Hitting: LHB Carlos Asuaje
|
0-0: Foul Ball, location: 2F 0-1: Called Strike 0-2: Ball 1-2: Foul Ball, location: 2F 1-2: Fly out, F5 (Popup, 56S)
|
Batting: RHB Michael A. Taylor
|
0-0: Ball 1-0: SINGLE (Flyball, 9LS) Zack Cozart scores Paul DeJong to third Runner from 3rd tries for Home, SAFE, no throw
|
Batting: RHB Stephen Piscotty
|
0-0: Called Strike 0-1: Ball 1-1: Swinging Strike 1-2: Ball 2-2: Grounds into double play, 4-6-3 (Groundball, 34)
|
Bottom of the 8th over - 2 runs, 2 hits, 0 errors, 0 left on base; St. Louis 2 - Chicago 10 |
TOP OF THE 9TH |
St. Louis Cardinals batting - Pitching for Chicago Cubs : RHP David Phelps
|
Pitching: LHP Tony Cingrani
|
|
Pinch Hitting: SHB Eduardo Escobar
|
0-0: Ball 1-0: Foul Ball, location: 2F 1-1: Called Strike 1-2: Ball 2-2: Foul Ball, location: 2F 2-2: Foul Ball, location: 2F 2-2: Strikes out looking
|
Batting: SHB Ozzie Albies
|
0-0: SINGLE (Line Drive, 3D)
|
Batting: RHB Alex Bregman
|
0-0: Fly out, F9 (Flyball, 9S)
|
Batting: RHB Hernan Perez
|
0-0: Foul Ball, location: 2F 0-1: Foul Ball, location: 2F 0-2: Ball 1-2: Fielders Choice at 2nd, U6 (Groundball, 6M)
|
Top of the 9th over - 0 runs, 1 hit, 0 errors, 1 left on base; St. Louis 2 - Chicago 10 |
|